 Dungeon Crawl Stone Soup version 0.26-a0-639-g72c4674329 (webtiles) character file.

Game seed: 70419316477219811

18 DogServant the Skirmisher (level 2, 24/24 HPs)
             Began as a Demonspawn Fighter on Sept 15, 2020.
             Quit the game on level 1 of the Dungeon.
             The game lasted 00:00:52 (569 turns).

DogServant the Skirmisher (Demonspawn Fighter)       Turns: 569, Time: 00:00:53

Health: 24/24      AC:  6    Str: 16    XL:     2   Next: 51%
Magic:  2/2        EV:  6    Int:  9    God:
Gold:   43         SH: 12    Dex: 12    Spells: 1/1 levels left

rFire    . . .     SeeInvis .   a - +0 long sword
rCold    . . .     Faith    .   c - +0 kite shield
rNeg     . . .     Spirit   .   b - +0 scale mail
rPois    .         Reflect  .   (no helmet)
rElec    .         Harm     .   (no cloak)
rCorr    .         Rampage  .   (no gloves)
MR       .....                  (no boots)
Stlth    ..........             (no amulet)
HPRegen  0.08/turn              (no ring)
MPRegen  0.08/turn              (no ring)

@: no status effects
A: large bone plates 1
a: no special abilities


You were on level 1 of the Dungeon.
You visited 1 branch of the dungeon, and saw 1 of its levels.

You collected 43 gold pieces.

Inventory:

Hand Weapons
 a - a +0 long sword (weapon)
Armour
 b - a +0 scale mail (worn)
 c - a +0 kite shield (worn)
Jewellery
 f - an uncursed ring of resist corrosion {unknown}
 j - an uncursed amulet of guardian spirit {unknown}
 n - a +6 ring of dexterity {unknown}
Scrolls
 g - 2 scrolls of identify {unknown}
 h - a scroll of enchant weapon {unknown}
 i - a scroll of fog {unknown}
 k - a scroll of remove curse {unknown}
 l - a scroll of amnesia {unknown}
 m - a scroll of blinking {unknown}
Potions
 d - a potion of might
 e - a potion of brilliance {unknown}


   Skills:
 + Level 3.2 Fighting
 * Level 2.0 Long Blades
 + Level 2.9 Armour
 + Level 3.0 Shields


You had one spell level left.
You didn't know any spells.
Your spell library was empty.

Dungeon Overview and Level Annotations

Branches:
Dungeon (1/15)

Altars:


Innate Abilities, Weirdness & Mutations

You are partially covered in large bone plates. (SH +4)


Message History

You kill the hobgoblin!
You see here a hobgoblin corpse.
m - a scroll labeled WUDO BUSOLENKA A goblin comes into view.
It is wielding a +0 dagger.
The goblin shouts!
A goblin is nearby!
A goblin is nearby!
A goblin is nearby!
You block the goblin's attack.
Your shield and scale mail prevent you from hitting the goblin.
The goblin completely misses you.
You riposte.
You barely miss the goblin. You hit the goblin.
You kill the goblin!
Your Shields skill increases to level 3!
You see here a +0 dagger.
n - a blackened golden ring A rat comes into view.
A rat is nearby!
A rat is nearby!
Are you sure you want to abandon this character and quit the game? (Confirm with "yes".)

######### ........#
........# ........#
........# ........#
........#
........################
................@...r...
###...#.################
#.#.#.# # #.#.#.# #
#.#.#.# # #.#.#.#
###.#.#.# ....#.#.#
#######


You could see a rat.

Vanquished Creatures
  An ooze (D:1)
  A giant cockroach (D:1)
  A goblin (D:1)
  4 hobgoblins (D:1)
  2 bats (D:1)
  3 kobolds (D:1)
  A rat (D:1)
13 creatures vanquished.

Notes
Turn   | Place    | Note
-------+----------+-------------------------------------------
     0 | D:1      | DogServant the Demonspawn Fighter began the quest for the
                  | Orb.
     0 | D:1      | Reached XP level 1. HP: 18/18 MP: 1/1
   300 | D:1      | Gained mutation: You are partially covered in large bone
                  | plates. (SH +4) [demonic ancestry]
   300 | D:1      | Reached XP level 2. HP: 23/24 MP: 2/2
   569 | D:1      | Quit the game

Illustrated notes

Levels and vault maps discovered:
D:1:      sevenhm_arrival_forest_fort_large_2, layout_basic, minmay_bisected

Skill      XL: |  1  2 |
---------------+-------+-----
Long Blades    | 2 |  2.0
Shields        | 3 |  3.0
Fighting       | |  3.2
Armour         | |  2.9

Action                   || total
-------------------------++-------
Melee: Long sword        ||    49
Armor: Scale mail        ||    24
Dodge: Dodged            ||    14
Block: Kite shield       ||    49
       Rpst.: Long sword ||     7

Table legend: (Time is in decaauts)
 A = Elapsed time spent in this place.
 B = Non-inter-level travel time spent in this place.
 C = Inter-level travel time spent in this place.
 D = Time resting spent in this place.
 E = Time spent auto-exploring this place.
 F = Levels seen in this place.
 G = Mean time per level.
                   A        B        C        D        E       F      G
               +--------+--------+--------+--------+--------+-----+--------+
         Total |    588 |    588 |      0 |      0 |    460 |   1 |  588.0 |
       Dungeon |    588 |    588 |      0 |      0 |    460 |   1 |  588.0 |
               +--------+--------+--------+--------+--------+-----+--------+

Top non-repeatable levels by time:
     D:1: 588 daAuts
